 Dungeon Crawl Stone Soup version 0.23.2 (webtiles) character file.

Game seed: 13360179043531401042

51 Borgoz the Ducker (level 3, 0/30 HPs)
             Began as a Ghoul Gladiator on Apr 4, 2019.
             Slain by Sigmund
             ... wielding a cursed -1 scythe
              (12 damage)
             ... on level 2 of the Dungeon.
             The game lasted 00:02:06 (1266 turns).

Borgoz the Ducker (Ghoul Gladiator)                 Turns: 1266, Time: 00:02:07

Health: 0/30       AC:  7    Str: 17    XL:     3   Next: 83%
Magic:  2/2        EV: 12    Int:  3    God:
Gold:   65         SH:  0    Dex: 11    Spells: 2/2 levels left

rFire    . . .     SeeInvis .   l - +1 dagger (freeze)
rCold    + . .     Gourm    .   (no shield)
rNeg     + + +     Faith    .   b - +0 leather armour
rPois    ∞         Spirit   .   c - +0 helmet
rElec    .         Reflect  .   (no cloak)
rCorr    .         Harm     .   (no gloves)
MR       .....                  n - +2 pair of boots
Stlth    +.........             (no amulet)
HPRegen  0.00/turn              (no ring)
MPRegen  0.08/turn              (no ring)

@: confused, rotting
A: rotting body, claws 1, carnivore, cold resistance 1, negative energy
resistance 3, inhibited regeneration, torment resistance, unbreathing
a: no special abilities


You were on level 2 of the Dungeon.
You were not hungry.

You visited 1 branch of the dungeon, and saw 2 of its levels.

You collected 65 gold pieces.

Inventory:

Hand Weapons
 a - a +0 rapier
 l - a +1 dagger of freezing (weapon)
Missiles
 d - 3 throwing nets (quivered)
Armour
 b - a +0 leather armour (worn)
 c - a +0 helmet (worn)
 n - a +2 pair of boots (worn)
Scrolls
 e - 2 scrolls of remove curse
 j - a scroll of enchant weapon {unknown}
 o - a scroll of immolation {unknown}
Potions
 h - a potion of heal wounds
Comestibles
 f - 2 rations


   Skills:
 + Level 2.5 Fighting
 * Level 3.1 Short Blades
 - Level 1.7 Throwing
 * Level 1.2 Armour
 * Level 3.2 Dodging
 + Level 0.9 Stealth


You had 2 spell levels left.
You didn't know any spells.
Your spell library was empty.

Dungeon Overview and Level Annotations

Branches:
Dungeon (2/15)

Altars:
Dithmenos

Annotations:
D:2 Sigmund


Innate Abilities, Weirdness & Mutations

Your body is rotting away.
You thrive on raw meat.
You are immune to poison.
You have sharp fingernails.
You are carnivorous and can eat meat at any time.
Your flesh is cold resistant. (rC+)
You are immune to negative energy. (rN+++)
You do not regenerate when monsters are visible.
You are immune to unholy pain and torment.
You can survive without breathing.


Message History

You barely miss something. Something hits you!
You closely miss something.
You hear some strange, mumbled words.
You are confused.
You miss something. Something completely misses you.
You see here a scroll of noise.
You're too confused to move!
Something hits you.
You're too confused to move!
Something hits you but does no damage.
You feel better. Something hits you!
You barely miss something. You hit something. You freeze something.
Something hits you but does no damage.
You hit something but do no damage. You closely miss something.
Something hits you but does no damage.
You closely miss something. You barely miss something.
You hear some strange, mumbled words.
You are confused.
You bump into the rock wall.
Something hits you!
You die...

##+## #.#
#.# #.# #.#
#.# #.# #.#
##########.#
....rg{@?..#
############


You could see a hobgoblin and a rat.

Vanquished Creatures
  An adder (D:2)
  An ooze (D:2)
  A worm (D:2)
  A dart slug (D:1)
  2 leopard geckos (D:1)
  2 bats (D:1)
  A giant cockroach (D:2)
  3 goblins (D:1)
  5 hobgoblins
  4 jackals (D:1)
  2 frilled lizards (D:1)
  2 kobolds
  4 rats
29 creatures vanquished.

Notes
Turn   | Place    | Note
-------+----------+-------------------------------------------
     0 | D:1      | Borgoz the Ghoul Gladiator began the quest for the Orb.
     0 | D:1      | Reached XP level 1. HP: 17/17 MP: 0/0
   106 | D:1      | Reached XP level 2. HP: 22/24 MP: 1/1
   289 | D:1      | Reached XP level 3. HP: 16/30 MP: 2/2
   372 | D:1      | Reached skill level 1 in Armour
   535 | D:2      | Found a shadowy altar of Dithmenos.
  1236 | D:2      | Noticed Sigmund
  1266 | D:2      | Slain by Sigmund

Skill      XL: |  1  2  3 |
---------------+----------+-----
Dodging        | 3 |  3.2
Short Blades   | 3 |  3.1
Armour         | 1 |  1.2
Fighting       | |  2.5
Throwing       | |  1.7
Stealth        | |  0.9

Action                   || total
-------------------------++-------
Melee: Rapier            ||   113
       Dagger            ||    36
  Use: Scroll            ||     4
       Potion            ||     2
  Eat: Chunk             ||     9
Armor: Leather armour    ||    55
Dodge: Dodged            ||   102
